 Dungeon Sprint DCSS version 0.20.1-1-g8b1a95d (webtiles) character file.

7746 potatolord6000 the Prestidigitator (level 11, -6/61 HPs)
             Began as an Octopode Summoner on Aug 30, 2017.
             Was a High Priest of Sif Muna.
             Mangled by a snapping turtle (25 damage)
             ... in the Dungeon (Sprint V: "Ziggurat Sprint").
             The game lasted 00:19:58 (1888 turns).

potatolord6000 the Prestidigitator (OpSu)           Turns: 1888, Time: 00:19:59

Health: -6/61      AC:  1    Str: 19    XL:     11   Next: 20%
Magic:  4/41       EV: 29    Int: 32    God:    Sif Muna [*****.]
Gold:   0          SH:  3    Dex: 29    Spells: 11/32 levels left

rFire    + . .     SeeInvis .   J - staff of power
rCold    + . .     Gourm    .   (no shield)
rNeg     + . .     Faith    .   (helmet restricted)
rPois    .         Spirit   .   x - amulet "Bicwav" {Reflect rF+ SH+3}
rElec    .         Reflect  +   i - +6 ring of dexterity
rCorr    .         Harm     .   j - +6 ring of dexterity
MR       .....     NoTele   +   k - +6 ring of intelligence
Stlth    +++++.....             l - +6 ring of intelligence
Regen    0.2/turn               m - +6 ring of strength
MPRegen  0.3/turn               n - +6 ring of strength
                                o - ring "Ziegodgh" {rN+ Dex+3}
                                K - ring of the Morning {rC+ EV+2 Slay+5}

@: afraid, mesmerised, studying Throwing
A: almost no armour, stealthy swim, amphibious, 8 rings, constrict 8, camouflage
1, gelatinous body 1
a: Divine Energy, Channel Magic, Forget Spell, Renounce Religion


You were in the Dungeon.
You worshipped Sif Muna.
Sif Muna was extremely pleased with you.
You were full.

You visited 1 branch

Inventory:

Magical Staves
 J - an uncursed staff of power (weapon)
Jewellery
 i - a +6 ring of dexterity (left tentacle)
 j - a +6 ring of dexterity (right tentacle)
 k - a +6 ring of intelligence (on tentacle)
 l - a +6 ring of intelligence (on tentacle)
 m - a +6 ring of strength (on tentacle)
 n - a +6 ring of strength (on tentacle)
 o - the ring "Ziegodgh" (on tentacle) {rN+ Dex+3}
   (You found it in the Dungeon)

   [ring of positive energy]

   It affects your dexterity (+3).
   It protects you from negative energy.
 x - the amulet "Bicwav" (around mantle) {Reflect rF+ SH+3}
   (You found it in the Dungeon)

   [amulet of reflection]

   It shields you and reflects attacks.
   It protects you from fire.
   It affects your SH (+3).
 K - the ring of the Morning (on tentacle) {rC+ EV+2 Slay+5}
   (You found it in the Dungeon)

   [ring of evasion]

   It affects your evasion (+2).
   It affects your accuracy and damage with ranged weapons and melee attacks
   (+5).
   It protects you from cold.
Wands
 q - a wand of disintegration (7/24)
 r - a wand of iceblast (4/15)
 s - a wand of lightning (4/15)
 t - a wand of acid (3/15)
Scrolls
 y - 3 scrolls of amnesia
 B - 3 scrolls of recharging
 C - 7 scrolls of fog
 D - 2 scrolls of holy word
 E - 5 scrolls of identify
 F - 5 scrolls of remove curse
 G - 2 scrolls of fear
Potions
 c - 10 potions of curing
 d - 4 potions of heal wounds
 e - 3 potions of haste
 f - a potion of magic
 g - 3 potions of berserk rage
 u - 2 potions of brilliance
 w - 3 potions of resistance
 z - 4 potions of agility
 A - 5 potions of might
Books
 a - a book of Callings

   Spells                             Type                      Level
   a - Summon Small Mammal            Summoning                    1
   b - Call Imp                       Summoning                    2
   c - Call Canine Familiar           Summoning                    3
   d - Summon Guardian Golem          Hexes/Summoning              3
   e - Summon Lightning Spire         Summoning/Air                4
   f - Summon Ice Beast               Ice/Summoning                4
 h - a manual of Throwing
Miscellaneous
 p - a crystal ball of energy
Comestibles
 b - 5 bread rations
 H - 42 fruits
 I - 2 meat rations


   Skills:
 + Level 12.1 Staves
 + Level 12.0 Dodging
 - Level 2.6 Stealth
 + Level 11.3 Spellcasting
 + Level 12.6 Summonings
 + Level 12.9 Evocations


You had 11 spell levels left.
You knew the following spells:

 Your Spells              Type           Power        Failure   Level  Hunger
a - Call Canine Familiar  Summ           #######.     1%          3    None
b - Summon Ice Beast      Ice/Summ       ######..     1%          4    None
c - Summon Guardian Gole  Hex/Summ       ######..     1%          3    None
d - Summon Lightning Spi  Summ/Air       ######..     1%          4    None
e - Call Imp              Summ           #######.     1%          2    None
f - Summon Demon          Summ           #######...   1%          5    ##.....


Dungeon Overview and Level Annotations

Branches:
Dungeon (1/1)

Altars:
Ashenzari
Cheibriados
Dithmenos
Elyvilon
Fedhas
Gozag
Hepliaklqana
Kikubaaqudgha
Makhleb
Nemelex Xobeh
Okawaru
Qazlal
Ru
Sif Muna
Trog
Uskayaw
Vehumet
Xom
Yredelemnul
Zin
The Shining One
Beogh
Jiyva
Lugonu


Innate Abilities, Weirdness & Mutations

You cannot wear most types of armour.
You are very stealthy in the water. (Stealth+)
You are amphibious.
You can wear up to eight rings at the same time.
You can use your tentacles to constrict eight enemies at once.
Your skin changes colour to match your surroundings (Stealth+).
Your rubbery body absorbs attacks. (AC +1, EV +1)


Message History

The merfolk javelineer throws a javelin of penetration.
The javelin of penetration pierces through your soul eater!
The javelin of penetration pierces through your ufetubus!
Your ufetubus dies!
The javelin of penetration misses you.
You hear a splash.
Something closely misses your ice devil.
Your ynoxinul hits the snapping turtle but does no damage.
Your ice beast returns to your side!
The merfolk siren barely misses your soul eater.
Your soul eater hits the merfolk javelineer!!
The merfolk javelineer dies!
Sif Muna accepts your kill.
Your Staves skill increases to level 12!
Your Dodging skill increases to level 12!
The merfolk struggles against the net.
The net rips apart, and the merfolk comes free!
You see here 3 javelins of penetration.
The snapping turtle bites you from afar!!
You die...

▓..)::|:
▓.≈[}=}[≈≈▓..[)}|}
▓.≈≈......▓.......
▓...≈≈.≈≈.▓.......
▓....m...≈▓...†...
▓.)mcmm≈..▓.......
▓.3t§4m≈≈.▓.......
▓..53.m≈.Y▓.▓.....
▓@§.≈mm≈.Y▓.......
▓▓▓▓▓▓▓▓▓▓▓▓▓▓▓▓▓▓


You could see a merfolk impaler, a merfolk javelineer, a satyr, a merfolk
aquamancer, a snapping turtle, 4 merfolk, a merfolk siren, a friendly soul
eater, a friendly ice devil, a friendly ynoxinul and a friendly ufetubus.

Vanquished Creatures
  A dancing weapon (D)
  4 deep elf magi (D)
  A yak (D)
6 creatures vanquished.

Vanquished Creatures (collateral kills)
  A merfolk javelineer (D)
  An ice dragon (D)
  A centaur warrior (D)
  2 deep elf archers (D)
  5 cyclopes (D)
  A black mamba (D)
  4 freezing wraiths (D)
  3 yaktaurs (D)
  An ice devil (D)
  5 merfolk (D)
  A polar bear (D)
  2 slime creatures (D)
  5 nagas (D)
  2 water moccasins (D)
  A floating eye (D)
  2 orc warriors (D)
  An ice beast (D)
  2 bullfrogs (D)
  A wight (D)
  2 jellies (D)
  An orc priest (D)
  An iguana (D)
  An orc wizard (D)
  An adder (D)
  2 white imps (D)
  2 oozes (D)
  2 adder zombies (D)
  2 orcs (D)
  A bat zombie (D)
  A ball python skeleton (D)
  A giant cockroach zombie (D)
58 creatures vanquished.

Vanquished Creatures (others)
  A merfolk (D)
1 creature vanquished.

Grand Total: 65 creatures vanquished

Notes
Turn   | Place    | Note
-------+----------+-------------------------------------------
     0 | D        | potatolord6000 the Octopode Summoner began the quest for the Orb.
     0 | D        | Reached XP level 1. HP: 11/11 MP: 3/3
     0 | D        | Found a deep blue altar of Sif Muna.
     0 | D        | Found a bloodstained altar of Trog.
     0 | D        | Found a sacrificial altar of Ru.
     0 | D        | Found a stormy altar of Qazlal.
     0 | D        | Found an iron altar of Okawaru.
     3 | D        | Found a sparkling altar of Nemelex Xobeh.
     4 | D        | Found an ancient bone altar of Kikubaaqudgha.
     4 | D        | Found a corrupted altar of Lugonu.
     4 | D        | Found a transporter.
     4 | D        | Found a burning altar of Makhleb.
     4 | D        | Found a viscous altar of Jiyva.
     4 | D        | Found a hazy altar of Hepliaklqana.
    24 | D        | Became a worshipper of Sif Muna the Loreminder
    32 | D        | Found a blossoming altar of Fedhas.
    34 | D        | Found an opulent altar of Gozag.
    39 | D        | Reached skill level 5 in Summonings
    39 | D        | Reached XP level 2. HP: 17/17 MP: 3/6
    74 | D        | Entered arena 2.
    74 | D        | Noticed a deep elf mage
    74 | D        | Noticed a deep elf mage
    74 | D        | Found a transporter.
    84 | D        | Noticed an earth elemental
    84 | D        | Noticed an earth elemental
    86 | D        | Killed a deep elf mage
    86 | D        | Reached * piety under Sif Muna
    86 | D        | Reached ** piety under Sif Muna
    86 | D        | Reached XP level 3. HP: 21/21 MP: 3/10
    86 | D        | Reached XP level 4. HP: 27/27 MP: 3/12
    86 | D        | Reached XP level 5. HP: 31/31 MP: 3/13
    86 | D        | Reached XP level 6. HP: 36/36 MP: 3/15
    93 | D        | Killed a deep elf mage
    93 | D        | Reached XP level 7. HP: 40/41 MP: 1/17
   218 | D        | Learned a level 3 spell: Call Canine Familiar
   223 | D        | Learned a level 4 spell: Summon Ice Beast
   227 | D        | Learned a level 3 spell: Summon Guardian Golem
   232 | D        | Learned a level 4 spell: Summon Lightning Spire
   235 | D        | Learned a level 2 spell: Call Imp
   241 | D        | Entered arena 3.
   241 | D        | Noticed a slime creature
   241 | D        | Found a transporter.
   256 | D        | Killed a slime creature
   256 | D        | Reached *** piety under Sif Muna
   448 | D        | Entered arena 4.
   448 | D        | Noticed a yak
   448 | D        | Found a transporter.
   453 | D        | Reached XP level 8. HP: 46/46 MP: 2/19
   458 | D        | Killed a yak
   468 | D        | Identified the Incunabulum of Flight and the Glacier (You found it in the Dungeon)
   563 | D        | Entered arena 5.
   563 | D        | Noticed a slime creature
   563 | D        | Found a transporter.
   571 | D        | Killed a slime creature
   694 | D        | Entered arena 6.
   694 | D        | Noticed a deep elf archer
   694 | D        | Noticed a deep elf archer
   694 | D        | Noticed a deep elf mage
   694 | D        | Noticed a long sword of protection
   694 | D        | Noticed a deep elf mage
   694 | D        | Found a transporter.
   703 | D        | Killed a deep elf archer
   703 | D        | Reached **** piety under Sif Muna
   704 | D        | Killed a deep elf mage
   704 | D        | Reached XP level 9. HP: 51/51 MP: 1/21
   706 | D        | Killed a long sword of protection
   706 | D        | Reached ***** piety under Sif Muna
   706 | D        | Reached skill level 10 in Summonings
   706 | D        | Reached skill level 10 in Evocations
   706 | D        | Killed a deep elf mage
   706 | D        | Received a gift from Sif Muna
   706 | D        | Reached skill level 10 in Staves
   706 | D        | Reached skill level 10 in Dodging
   710 | D        | Killed a deep elf archer
   712 | D        | Identified Sif Muna's Volume of Excruciating Intoxication (Sif Muna gifted it to you in the Dungeon)
   721 | D        | Got the amulet "Bicwav" {Reflect rF+ SH+3}
   844 | D        | Entered arena 7.
   859 | D        | Found a transporter.
  1005 | D        | Entered arena 8.
  1014 | D        | Reached XP level 10. HP: 56/56 MP: 2/23
  1022 | D        | Found a transporter.
  1037 | D        | Got the cursed ring "Fumu" {rElec EV-3}
  1165 | D        | Entered arena 9.
  1165 | D        | Noticed a cyclops
  1180 | D        | Found a transporter.
  1182 | D        | Killed a cyclops
  1190 | D        | Reached skill level 10 in Spellcasting
  1195 | D        | Identified Sif Muna's Disquisition on the Destructive Escort (Sif Muna gifted it to you in the Dungeon)
  1195 | D        | Received a gift from Sif Muna
  1211 | D        | Learned a level 5 spell: Summon Demon
  1354 | D        | Entered arena 10.
  1354 | D        | Noticed a centaur warrior
  1354 | D        | Noticed a cyclops
  1354 | D        | Noticed a cyclops
  1354 | D        | Noticed a cyclops
  1354 | D        | Noticed a cyclops
  1371 | D        | Killed a cyclops
  1378 | D        | Killed a centaur warrior
  1382 | D        | Found a transporter.
  1391 | D        | Killed a cyclops
  1409 | D        | Killed a cyclops
  1414 | D        | Killed a cyclops
  1420 | D        | Got the ring "Ziegodgh" {rN+ Dex+3}
  1423 | D        | Got the ring of the Morning {rC+ EV+2 Slay+5}
  1561 | D        | Entered arena 11.
  1561 | D        | Noticed a black mamba
  1569 | D        | Killed a black mamba
  1572 | D        | Identified Sif Muna's Catalogue of Destructive Orientation (Sif Muna gifted it to you in the Dungeon)
  1572 | D        | Received a gift from Sif Muna
  1585 | D        | Found a transporter.
  1688 | D        | Entered arena 12.
  1694 | D        | Noticed an ice dragon
  1700 | D        | Reached XP level 11. HP: 61/61 MP: 7/25
  1706 | D        | Killed an ice dragon
  1709 | D        | Found a transporter.
  1875 | D        | Entered arena 13.
  1875 | D        | Noticed a merfolk javelineer
  1875 | D        | Noticed a merfolk aquamancer
  1876 | D        | Noticed a merfolk impaler
  1877 | D        | Noticed a merfolk javelineer
  1878 | D        | Noticed a satyr
  1887 | D        | Killed a merfolk javelineer
  1888 | D        | Mangled by a snapping turtle

Skill      XL: |  1  2  3  4  5  6  7  8  9 10 11 |
---------------+----------------------------------+-----
Staves         | 3 6 7 9 10 11 12 | 12.1
Dodging        | 3 6 7 9 10 11 12 | 12.0
Spellcasting   | 3 6 7 8 9 10 11 | 11.3
Summonings     | 5 7 8 9 10 12 | 12.6
Evocations     | 3 6 7 8 9 11 12 | 12.9
Stealth        | |  2.6

Action                   |  1- 3 |  4- 6 |  7- 9 | 10-12 || total
-------------------------+-------+-------+-------+-------++-------
Melee: Staff             |     5 |     2 |     6 |    12 ||    25
       Tentacles         |     1 |       |     3 |     6 ||    10
       Constrict         |       |     1 |     1 |     1 ||     3
 Cast: Summon Small Mamm |     4 |     3 |       |       ||     7
       Summon Ice Beast  |       |       |    16 |    26 ||    42
       Call Canine Famil |       |       |     7 |     7 ||    14
       Summon Guardian G |       |       |     6 |     9 ||    15
       Call Imp          |       |       |     4 |     4 ||     8
       Summon Lightning  |       |       |     3 |     2 ||     5
       Summon Demon      |       |       |       |    23 ||    23
Evoke: Staff of energy   |       |       |     4 |       ||     4
       Wand              |       |       |     3 |     1 ||     4
       Crystal ball of e |       |       |     2 |     1 ||     3
  Use: Potion            |     5 |       |     2 |    18 ||    25
       Scroll            |       |     2 |     1 |     2 ||     5
 Stab: Distracted        |       |       |     1 |       ||     1
       Invisible         |       |       |       |     3 ||     3
  Eat: Meat ration       |       |       |       |     2 ||     2
Dodge: Dodged            |     2 |     2 |     4 |    40 ||    48
Block: Other             |       |       |       |     3 ||     3
       Reflection        |       |       |       |     1 ||     1
